 Dungeon Crawl Stone Soup version 0.15-a0-1506-g1b030bc (console) character file.

205 Regeneration the Scratcher (level 5, 0/24 HPs)
             Began as a Felid Fighter on June 14, 2014.
             Was an Initiate of Cheibriados.
             Succumbed to a worker ant's poison
             ... on Level 5 of the Dungeon.
             The game lasted 00:03:06 (783 turns).

Regeneration the Scratcher (Felid Fighter)           Turns: 783, Time: 00:03:06

HP   0/24        AC  1     Str 14      XL: 5   Next: 52%
MP   9/9         EV 19     Int 11      God: Cheibriados [......]
Gold 90          SH  0     Dex 18      Spells:  0 memorised,  4 levels left
Lives: 0, deaths: 1

rFire  . . .     SeeInvis +       - Unarmed
rCold  . . .     Clarity  +     (armour unavailable)
rNeg   . . .     rCorr    .     (shield unavailable)
rPois  .         rRot     .     (helmet unavailable)
rElec  .         Spirit   .     (cloak unavailable)
SustAb .         Warding  .     (gloves unavailable)
rMut   .         Stasis   .     (boots unavailable)
Gourm  .                        e - amulet of clarity
MR     .....                    (no ring)
                                b - +2 ring of dexterity

@: lethally poisoned, slow, not resistant to hostile enchantments, unstealthy
A: paw claws, no armour, no weapons or thrown items, fangs 3, see invisible,
carnivore 3, speed 1, shaggy fur 1, slow metabolism 1, jump 1
a: Jump Attack, Bend Time, Renounce Religion


You were on level 5 of the Dungeon.
You worshipped Cheibriados.
Cheibriados was noncommittal.
You were not hungry.

You visited 2 branches of the dungeon, and saw 6 of its levels.

You collected 90 gold pieces.

Inventory:

Comestibles
 d - a meat ration
Scrolls
 a - a scroll of recharging {unknown}
 c - a scroll of teleportation {unknown}
 f - a scroll of enchant weapon I {unknown}
 g - a scroll of amnesia {unknown}
 h - a scroll of fog {unknown}
 i - a scroll of identify {unknown}
 j - 2 scrolls of remove curse {unknown}
Jewellery
 b - a +2 ring of dexterity (left paw)
 e - an amulet of clarity (around neck)


   Skills:
 - Level 3.0 Fighting
 - Level 4.0 Dodging
 + Level 6.6 Unarmed Combat
 + Level 2.3 Invocations


You had 4 spell levels left.
You didn't know any spells.

Dungeon Overview and Level Annotations

Branches:
Dungeon (5/15)             Temple (1/1) D:4

Altars:
Ashenzari
Cheibriados
Elyvilon
Kikubaaqudgha
Qazlal
Vehumet
Yredelemnul


Innate Abilities, Weirdness & Mutations

You cannot wear armour.
You are incapable of wielding weapons or throwing items.
Your paws have sharp claws.
You have razor-sharp teeth.
You have supernaturally acute eyesight.
You are carnivorous and can eat meat at any time.
You cover ground quickly.
You are covered in fur (AC +1).
You have a slow metabolism.
You can jump attack at a short distance.


Message History

You feel sick. The worker ant misses you.
You closely miss the worker ant.
The worker ant is moderately wounded.
The worker ant barely misses you.
You scratch the worker ant.
You bite the worker ant, but do no damage.
The worker ant is heavily wounded.
* * * LOW HITPOINT WARNING * * *
You feel sick. The worker ant closely misses you.
You claw the worker ant!
You kill the worker ant!
Cheibriados appreciates the change of pace.
You see here a worker ant corpse.
You aren't carrying any potions.
Unknown command.
Unknown command.
Eat which item? (? for menu, Esc to quit)
Okay, then.
You stop butchering the corpse.
You die...

###.#
#####.......
#..<........
#.@.........
#..........
#..........
#..........
#.........
#........
##......
#..... #..


There were no monsters in sight!

Vanquished Creatures
  An ogre (Temple)
  A hound (D:4)
  2 iguanas (D:4)
  2 worker ants
  An adder (D:4)
  A gnoll (D:5)
  A giant gecko (D:2)
  An orc (D:4)
  A bat (D:4)
  4 jackals (D:2)
  2 quokkas (D:4)
  A kobold (D:4)
  A rat (Temple)
19 creatures vanquished.

Notes
Turn   | Place    | Note
--------------------------------------------------------------
     0 | D:1      | Regeneration, the Felid Fighter, began the quest for the Orb.
     0 | D:1      | Reached XP level 1. HP: 10/10 MP: 2/2
   162 | D:3      | Noticed an orc priest
   164 | D:4      | Noticed an iguana
   176 | D:4      | Noticed a hound
   182 | D:4      | Killed a hound
   182 | D:4      | Reached skill level 5 in Unarmed Combat
   182 | D:4      | Reached XP level 2. HP: 4/14 MP: 3/3
   182 | D:4      | Reached XP level 3. HP: 4/17 MP: 5/5
   186 | D:4      | Killed an iguana
   199 | D:4      | Noticed an iguana
   204 | D:4      | Reached XP level 4. HP: 6/21 MP: 7/7
   209 | D:4      | Slain by an iguana
   210 | D:4      | Reached XP level 3. HP: -4/17 MP: 5/5
   210 | D:4      | Noticed an ogre
   233 | D:4      | Killed an iguana
   236 | D:4      | Noticed a worker ant
   266 | D:4      | Found a staircase to the Ecumenical Temple.
   276 | Temple   | Entered the Ecumenical Temple
   336 | Temple   | Became a worshipper of Cheibriados the Contemplative
   514 | Temple   | Killed an ogre
   514 | Temple   | Reached skill level 6 in Unarmed Combat
   514 | Temple   | Reached skill level 1 in Invocations
   514 | Temple   | Reached XP level 4. HP: 14/21 MP: 3/8
   514 | Temple   | Reached XP level 5. HP: 16/24 MP: 3/9
   587 | D:4      | Killed a worker ant
   691 | D:4      | Found a shattered altar of Ashenzari.
   752 | D:4      | Noticed a worker ant
   772 | D:5      | Entered Level 5 of the Dungeon
   778 | D:5      | HP: 1/24 [poisoned by a worker ant]
   781 | D:5      | Killed a worker ant
   783 | D:5      | Succumbed to a worker ant's poison

Action                   |  1- 3 |  4- 6 || total
-------------------------+-------+-------++-------
Melee: Unarmed           |    45 |    22 ||    67
Invok: Bend Time         |     1 |       ||     1
  Use: Potion            |     1 |       ||     1
